 Dungeon Crawl Stone Soup version 0.17-a0-1020-ge683cc4 (console) character file.

7034 Monkaria the Protected (level 10, -3/121 HPs)
             Began as a Demonspawn Chaos Knight on May 18, 2015.
             Was a Follower of Lugonu.
             Slain by a yak (7 damage)
             ... on level 10 of the Dungeon.
             The game lasted 00:20:38 (9120 turns).

Monkaria the Protected (Demonspawn Chaos Knight)    Turns: 9120, Time: 00:20:38

Health: -3/121     AC: 14    Str: 22    XL:     10   Next: 83%
Magic:  0/10       EV: 11    Int: 13    God:    Lugonu [*.....]
Gold:   495        SH:  0    Dex: 17    Spells: 0 memorised, 9 levels left

rFire  . . .     SeeInvis .     E - +3 scimitar (curse)
rCold  . . .     Clarity  .     b - +2 leather armour
rNeg   + . .     SustAb   .     (no shield)
rPois  .         Gourm    .     (helmet restricted)
rElec  .         Spirit   +     w - +2 cloak
rCorr  .         Warding  .     v - +2 pair of gloves {Dex+3}
rMut   .         Stasis   .     M - +0 pair of boots
MR     .....                    i - amulet of rage
Stlth  ..........               y - ring of positive energy
                                j - ring of wizardry

@: berserking (expiring), very quick, not resistant to hostile enchantments,
extremely unstealthy
A: antennae 2, thin skeletal structure 1, mutation resistance 1, screaming 1,
spiny 2, spit poison 1, magic shield
a: Spit Poison, Depart the Abyss, Renounce Religion, Evoke Berserk Rage


You were on level 10 of the Dungeon.
You worshipped Lugonu.
Lugonu was aware of your devotion.
You were not hungry.

You visited 2 branches of the dungeon, and saw 11 of its levels.
You visited the Abyss 1 time.

You collected 495 gold pieces.

Inventory:

Hand weapons
 a - a +1 falchion of chaos
 u - a +0 scimitar
 E - a cursed +3 scimitar (weapon)
Missiles
 g - 39 poisoned needles
Armour
 b - a +2 leather armour (worn)
 v - a +2 pair of gloves of dexterity (worn)
 w - a +2 cloak (worn)
 G - the +2 pair of gloves of the Assorted Cities {rF+}
   (You found it on level 6 of the Dungeon)

   It protects you from fire.
 M - a +0 pair of boots (worn)
Jewellery
 i - an amulet of rage (around neck)
 j - a ring of wizardry (left hand)
 k - an uncursed amulet of resist mutation
 q - an uncursed amulet of resist mutation
 x - an uncursed amulet of resist mutation
 y - a ring of positive energy (right hand)
 U - an uncursed amulet of clarity {unknown}
Magical devices
 o - a wand of confusion (38)
 K - a wand of lightning (8)
Scrolls
 d - a scroll of enchant armour
 l - 2 scrolls of blinking
 r - 3 scrolls of noise
 A - 4 scrolls of enchant weapon
 B - 4 scrolls of teleportation
 F - 2 scrolls of remove curse
 N - a scroll of magic mapping {unknown}
 O - 2 scrolls of fear {unknown}
 P - 3 scrolls of identify
 S - a scroll of amnesia
 T - a scroll of fog {unknown}
Potions
 e - a potion of beneficial mutation
 f - a potion of flight
 m - a potion of resistance
 n - 3 potions of poison {unknown}
 p - 3 potions of curing
 s - a potion of haste {unknown}
 z - a potion of ambrosia {unknown}
 C - a potion of invisibility {unknown}
 D - a potion of lignification
 H - a potion of might {unknown}
 I - 2 potions of agility {unknown}
 L - a potion of mutation {unknown}
Books
 J - a book of Annihilations {highlevel, unknown}

   This book is beyond your current level of understanding.

   Spells                             Type                      Level
   a - Poison Arrow                   Conjuration/Poison           6
   b - Chain Lightning                Conjuration/Air              8
   c - Lehudib's Crystal Spear        Conjuration/Earth            8
   d - Glaciate                       Conjuration/Ice              9
   e - Fire Storm                     Conjuration/Fire             9
Comestibles
 c - 6 bread rations
 h - 3 beef jerkies
 t - 2 meat rations
 R - 7 slices of pizza


   Skills:
 - Level 8.3 Fighting
 + Level 9.7 Long Blades
 - Level 10.1 Armour
 - Level 0.8 Dodging


You had 9 spell levels left.
You didn't know any spells.

Dungeon Overview and Level Annotations

Branches:
Dungeon (11/15)            Temple (1/1) D:4             Orc (0/4) D:10
   Lair: D:8-11

Altars:
Ashenzari
Cheibriados
Dithmenos
Elyvilon
Fedhas
Gozag
Kikubaaqudgha
Nemelex Xobeh
Okawaru
Qazlal
Ru
Sif Muna
Trog
Vehumet
Xom
Yredelemnul
Zin
The Shining One

Shops:
D:7 %


Innate Abilities, Weirdness & Mutations

You have a pair of antennae on your head.
You have a somewhat thin skeletal structure (Dex +2, Stealth).
You are mostly covered in sharp spines.
When hurt, damage is shared between your health and your magic reserves.
You are somewhat resistant to further mutation.
You occasionally shout uncontrollably at your foes.
You can spit weak poison.


Message History

The yak is almost dead.
The yak is struck by your spines. The yak gores you.
* * * LOW HITPOINT WARNING * * *
You slash the yak!
You kill the yak!
Lugonu accepts your kill. The yak gores you.
* * * LOW HITPOINT WARNING * * *
Things that are here:
a yak corpse x2
You barely miss the yak.
The yak is moderately wounded.
The yak gores you!
* * * LOW HITPOINT WARNING * * *
You slash the yak!
The yak is heavily wounded.
You hit the yak.
The yak is severely wounded.
The yak gores you!
You die...

....................#
.#.............#....#
#.............#....###
#
#......8......#.......
+
#####.....#####.......
#### #.........#......#
.........#.....#......#
.........#.....#.#
.........####.##@#
................Y#
..... ...........# ....
<..............(#
########..............#
.......#.$............#
.......#..########....#
.......#.. ....#
.......#. ...[#


You could see a yak.

Vanquished Creatures
  An unseen horror (D:11)
  A cyclops (D:11)
  A red devil (D:6)
  Prince Ribbit (D:7)
  The ghost of Herrn the Conjurer, an average OpFE (D:4)
  Sigmund (D:6)
  2 wyverns (D:10)
  5 yaks (D:10)
  Eustachio (D:6)
  A human (D:11)
  A warg (D:10)
  6 ice beasts
  4 orc warriors
  3 phantoms
  A dwarf (D:7)
  An eye of draining (D:10)
  A wasp (D:10)
  2 centaurs
  A sky beast (D:7)
  4 ogres
  Blork the orc (D:6)
  5 giant frogs
  A scorpion (D:8)
  3 troll zombies (D:10)
  4 wights (D:6)
  A giant frog zombie (D:8)
  4 crimson imps
  2 centaur skeletons
  A giant frog skeleton (D:4)
  2 hounds
  A jelly (D:6)
  An orc wizard (D:7)
  Crazy Yiuf (D:3)
  4 orc priests
  A quasit (D:11)
  2 iguanas (D:5)
  4 sheep (D:11)
  4 worker ants
  A killer bee zombie (D:4)
  5 ogre zombies (D:10)
  A hound skeleton (D:5)
  A worker ant zombie (D:7)
  8 adders
  6 gnolls
  A white imp (D:6)
  A shadow imp (D:6)
  3 ufetubi (D:6)
  An ooze (D:6)
  An adder zombie (D:10)
  2 adder skeletons
  3 worms
  4 giant geckos
  32 orcs
  4 ball pythons
  A bat skeleton (D:4)
  4 giant cockroaches
  15 hobgoblins
  10 jackals
  10 kobolds
  3 quokkas
  8 bats
  8 giant newts
  13 goblins
  A goblin skeleton (D:10)
  2 goblin zombies (D:10)
  A hobgoblin skeleton (D:10)
  2 hobgoblin zombies (D:10)
  2 jackal skeletons
  4 orc skeletons (D:10)
  15 orc zombies (D:10)
  10 rats
264 creatures vanquished.

Vanquished Creatures (collateral kills)
  Duvessa (D:5)
  Dowan (D:5)
  An adder (D:3)
3 creatures vanquished.

Vanquished Creatures (others)
  A ball lightning (D:4)
  An iron imp (D:6)
2 creatures vanquished.

Grand Total: 269 creatures vanquished

Notes
Turn   | Place    | Note
--------------------------------------------------------------
     0 | D:1      | Monkaria the Demonspawn Chaos Knight began the quest for the Orb.
     0 | D:1      | Reached XP level 1. HP: 18/18 MP: 1/1
   224 | D:1      | Gained mutation: You are partially covered in sharp spines. [demonic ancestry]
   224 | D:1      | Reached XP level 2. HP: 20/24 MP: 2/2
   407 | D:1      | XOM: divination: detect creatures
   437 | D:1      | XOM: divination: detect creatures
   636 | D:2      | Reached skill level 4 in Fighting
   649 | D:2      | Gained mutation: When hurt, damage is shared between your health and your magic reserves. [demonic ancestry]
   649 | D:2      | Reached XP level 3. HP: 18/30 MP: 3/3
  1039 | D:2      | Found a shimmering altar of Xom.
  1039 | D:2      | Found a shimmering altar of Xom.
  1041 | D:2      | Found a shimmering altar of Xom.
  1042 | D:2      | Found a shimmering altar of Xom.
  1050 | D:2      | You fall through a shaft!
  1169 | D:3      | Noticed Crazy Yiuf
  1260 | D:3      | XOM: potion effect (curing)
  1290 | D:2      | Reached XP level 4. HP: 20/37 MP: 4/4
  1825 | D:3      | Noticed a phantom
  1830 | D:3      | XOM: enchant monster (good)
  1870 | D:3      | XOM: smoke on damage
  1892 | D:3      | XOM: blink monster(s)
  1896 | D:3      | Killed a phantom
  1896 | D:3      | Gained mutation: You have a pair of small antennae on your head. [demonic ancestry]
  1896 | D:3      | Reached XP level 5. HP: 20/42 MP: 5/5
  1956 | D:3      | Reached skill level 5 in Long Blades
  2215 | D:3      | Killed Crazy Yiuf
  2298 | D:3      | XOM: noise
  2308 | D:3      | Reached XP level 6. HP: 24/48 MP: 2/6
  2323 | D:3      | XOM: divination: detect items
  2530 | D:3      | XOM: medium Chrm miscast
  3002 | D:4      | Found a deep blue altar of Sif Muna.
  3029 | D:4      | Found a staircase to the Ecumenical Temple.
  3051 | D:4      | Reached skill level 6 in Long Blades
  3114 | D:4      | Noticed Herrn's ghost (average OpFE)
  3120 | D:4      | Killed Herrn's ghost
  3120 | D:4      | Reached XP level 7. HP: 52/54 MP: 7/7
  3139 | Temple   | Entered the Ecumenical Temple
  3221 | D:4      | Reached skill level 7 in Long Blades
  3283 | D:4      | XOM: cast spell 'Conjure Ball Lightning'
  3514 | D:4      | XOM: noise
  3522 | D:4      | XOM: 2-stop teleportation journey
  3714 | D:5      | Entered Level 5 of the Dungeon
  3718 | D:5      | Found a basalt altar of Yredelemnul.
  3843 | D:5      | Noticed Duvessa
  3848 | D:5      | Noticed Dowan
  3850 | D:5      | XOM: confuse monster(s)
  3852 | D:5      | XOM: summons 3 friendly demons
  3862 | D:5      | Killed Duvessa
  3864 | D:5      | Killed Dowan
  3864 | D:5      | Reached skill level 8 in Long Blades
  4000 | D:5      | XOM: cast spell 'Dragon Form'
  4075 | D:5      | Found a shimmering altar of Xom.
  4231 | D:5      | Gained mutation: You have a somewhat thin skeletal structure (Dex +2, Stealth). [demonic ancestry]
  4231 | D:5      | Reached XP level 8. HP: 42/60 MP: 4/8
  4801 | D:5      | XOM: potion effect (berserk rage)
  4986 | D:6      | XOM: snakes to sticks
  4989 | D:6      | XOM: summons friendly iron imp
  5005 | D:6      | Noticed Blork the orc
  5006 | D:6      | XOM: swap monsters
  5017 | D:6      | Killed Blork the orc
  5017 | D:6      | Reached skill level 5 in Armour
  5024 | D:6      | XOM: swap monsters
  5218 | D:6      | Got a pair of distressingly furry gloves
  5233 | D:6      | Identified the +2 pair of gloves of the Assorted Cities {rF+} (You found it on level 6 of the Dungeon)
  5346 | D:6      | XOM: summons 4 hostile demons
  5347 | D:6      | Noticed a red devil
  5367 | D:6      | Killed a red devil
  5557 | D:6      | Found a basalt altar of Yredelemnul.
  5557 | D:6      | Found a shattered altar of Ashenzari.
  5566 | D:6      | XOM: stat loss: -1 Int (12/13)
  5619 | D:6      | XOM: colour smoke trail
  5671 | D:6      | Noticed Sigmund
  5674 | D:6      | XOM: 1-stop teleportation journey
  5683 | D:6      | XOM: potion effect (might)
  5773 | D:6      | XOM: potion effect (brilliance)
  5820 | D:6      | XOM: potion effect (haste)
  5825 | D:6      | Gained mutation: You are mostly covered in sharp spines. [demonic ancestry]
  5825 | D:6      | Reached XP level 9. HP: 40/65 MP: 4/9
  6154 | D:6      | Noticed Eustachio
  6162 | D:6      | Killed Eustachio
  6259 | D:6      | Found an opulent altar of Gozag.
  6260 | D:6      | Found a sparkling altar of Nemelex Xobeh.
  6458 | D:6      | XOM: silly message
  6523 | D:6      | Killed Sigmund
  6573 | D:7      | XOM: cast spell 'Stoneskin'
  6575 | D:7      | XOM: cast spell 'Confusing Touch'
  6613 | D:6      | XOM: divination: detect creatures
  6641 | D:6      | XOM: divination: detect creatures
  6699 | D:6      | Reached skill level 9 in Armour
  6709 | D:7      | XOM: divination: detect items
  6757 | D:7      | Found a radiant altar of Vehumet.
  6780 | D:7      | XOM: divination: detect items
  6875 | D:7      | Gained mutation: You occasionally shout uncontrollably at your foes. [mutagenic meat]
  6876 | D:7      | Gained mutation: You are somewhat resistant to further mutation. [mutagenic meat]
  6878 | D:7      | Gained mutation: You can spit weak poison. [mutagenic meat]
  6986 | D:7      | Found Cieg Ana's Food Emporium.
  7007 | D:7      | XOM: enchant monster (bad)
  7013 | D:7      | Reached skill level 10 in Armour
  7161 | D:7      | Found a white marble altar of Elyvilon.
  7161 | D:7      | Found a glowing silver altar of Zin.
  7161 | D:7      | Found a glowing golden altar of the Shining One.
  7161 | D:7      | Noticed Prince Ribbit
  7167 | D:7      | Killed Prince Ribbit
  7235 | D:8      | Reached skill level 5 in Fighting
  7298 | D:8      | You fall through a shaft for 3 floors!
  7302 | D:11     | Found a shimmering altar of Xom.
  7465 | D:11     | XOM: 1-stop teleportation journey
  7466 | D:11     | Noticed a cyclops
  7474 | D:11     | Killed a cyclops
  7474 | D:11     | Gained mutation: You have a pair of antennae on your head. [demonic ancestry]
  7474 | D:11     | Reached XP level 10. HP: 14/76 MP: 0/10
  8257 | D:11     | Killed an unseen horror
  8317 | D:10     | Entered Level 10 of the Dungeon
  8372 | D:10     | XOM: mild Hex miscast
  8377 | D:10     | XOM: polymorph warg -> wasp
  8401 | D:10     | XOM: god gift: scroll of amnesia
  8459 | D:10     | Found a snail-covered altar of Cheibriados.
  8499 | D:10     | XOM: god gift: scroll labeled TEYCATO DO EZO
  8506 | D:10     | XOM: mild Chrm miscast
  8617 | D:10     | XOM: mild Air miscast
  8717 | D:10     | Found a staircase to the Orcish Mines.
  8781 | D:10     | XOM: enchant monster (bad)
  8808 | D:10     | XOM: medium Tloc miscast
  8808 | D:10     | Cast into the Abyss (the capriciousness of Xom)
  8808 | Abyss:1  | Found a corrupted altar of Lugonu.
  8810 | Abyss:1  | Fell from the grace of Xom
  8810 | Abyss:1  | Became a worshipper of Lugonu the Unformed
  8810 | Abyss:1  | Acquired Lugonu's first power
  8811 | D:10     | Escaped the Abyss
  9118 | D:10     | HP: 4/121 [yak (8)]
  9120 | D:10     | Slain by a yak

Vault maps used:
D:1:      scummos_arrival_forest, minivault_27, minmay_misc_feat_chi
D:2:      xom_redecorated
D:3:      uniq_crazy_yiuf_cottage
D:4:      led_sif_pool, minmay_temple_entry_junction
D:5:      lemuel_round_altar, first_bread, yredelemnul_altar_generic,
          uniq_duvessa
D:6:      lemuel_ice_spiral_2, grunt_temple_overflow_opulence,
          gammafunk_temple_overflow_pools, uniq_blork_the_orc, uniq_eustachio,
          uniq_sigmund
D:7:      good_gods_mini_temple, old_standard_altar, serial_shops, shop,
          uniq_prince_ribbit1
D:8:      overflow_temple_1_default, lair_0_dummy
D:10:     lemuel_castle_with_subvaults, zombieorc2_lemuel, cheibriados_altar_1
D:11:     basic_altar, grunt_livestock
Temple:   temple_eino_lava_8

Action                   |  1- 3 |  4- 6 |  7- 9 | 10-12 || total
-------------------------+-------+-------+-------+-------++-------
Melee: Falchion          |    81 |    92 |   300 |     2 ||   475
       Unarmed           |       |       |     6 |       ||     6
       Scimitar          |       |       |       |   152 ||   152
Invok: Depart the Abyss  |       |       |       |     1 ||     1
 Abil: Evoke Berserk Rag |       |       |     4 |     1 ||     5
       Spit Poison       |       |       |     1 |       ||     1
Evoke: Wand              |       |       |     1 |       ||     1
  Use: Scroll            |       |     5 |     8 |       ||    13
       Potion            |       |       |     3 |     1 ||     4
 Stab: Sleeping          |       |     1 |     1 |     1 ||     3
       Petrified         |       |       |     3 |       ||     3
       Petrifying        |       |       |     3 |       ||     3
       Confused          |       |       |     2 |       ||     2
       Paralysed         |       |       |     3 |       ||     3
       Distracted        |       |       |     1 |       ||     1
  Eat: Chunk             |       |     7 |    23 |     3 ||    33
       Royal jelly       |       |       |       |     1 ||     1
       Beef jerky        |       |       |       |     1 ||     1
